Megumin, chaotic female elven Wizard --- ###### --- ---- ----.--#### #---.-- --..-- --......- --.....---....| |......(-- --.)..........- ----.....--- |..).)%.......| -- |.......| --............-- ----.- ..---...| --...--.......| --.|...--@|%| ----- |...--......-- |........u|%-----------.---.......(..-- -...........)).)).[......|--.....(...| --..........---------- ..----.^......| --..........-- |........<.....-- -...........---- |.......--....-- -....----.......-- -------. --....| | ----.....----........| - |....| -................[.--..-- ------ | ------.. ------------ |. -- Megumin the Thaumaturge Experience level: 8 Strength: 11 Dexterity: 13 Constitution: 14 Intelligence: 19 Wisdom: 11 Charisma: 10 Health: 0(48) Energy: 97(97) AC: 6 Gold: 274 Moves: 3806 Your Inventory: Coins $ - 274 gold pieces Weapons u - 2 [uncursed +0] crude daggers [orcish] z - an [uncursed +0] elven dagger named Sting [Sting] (weapon in hand) A - 4 [cursed -2] daggers B - 12 [uncursed +0] daggers (in quiver) Armor b - an uncursed +0 cloak of magic resistance (being worn) C - a cursed [+0] mummy wrapping [of fumbling] J - an uncursed +0 pair of elven boots (being worn) Comestibles L - an [uncursed] food ration Scrolls i - an uncursed scroll of light j - an uncursed scroll of remove curse k - an uncursed scroll of enchant weapon q - an uncursed scroll of magic mapping r - a blessed scroll of identify s - an uncursed scroll labeled DAIYEN FOOELS [of destroy armor] w - an uncursed scroll labeled MAPIRO MAHAMA DIROMAT [of flood] y - an uncursed scroll labeled KO BATE [of teleportation] Potions g - an uncursed potion of sickness h - an uncursed potion of fruit juice p - an uncursed amber potion [of sleeping] Rings d - an uncursed +1 ring of protection (on right hand) e - an uncursed ring of warning (on left hand) G - an uncursed +1 ring of gain constitution K - an uncursed ring of poison resistance Wands c - an uncursed wand of slow monster (0:4) I - an [uncursed] wand of striking [0:0] Tools n - an uncursed tooled horn F - an [uncursed] blindfold P - an [uncursed] credit card Spells known in the end: Name Level Category Fail Memory a - force bolt 1 attack 0% [|||||||.] b - sleep 1 enchantment 0% [|||||||.] c - magic missile 2 attack 0% [||||||||] d - knock 1 matter 0% [||||||||] e - cure sickness 3 healing 71% [||||||||] Your skills at the end: Fighting Skills Weapon Skills dagger [Basic / Expert] quarterstaff [Basic / Expert] Spellcasting Skills attack spells [Skilled / Expert] enchantment spells [Basic / Skilled] Final Attributes: You were piously aligned. Hunger level was 533. Your alignment was 28 / 29. Monster difficulty range was 1 - 8. Level difficulty was 8. You were immune to sleep. You were magic-protected. You saw invisible. You were telepathic. You were warned. You were aware of the presence of orcs. You had infravision. You were stealthy. You were protected. Your luck was zero. You are dead. Vanquished creatures: 2 small mimics a giant beetle 2 leprechauns a dwarf lord a gnome mummy a pony 2 fog clouds a yellow light a shrieker 4 gnome lords 2 gnomish wizards a gray ooze a ghoul a baby crocodile 4 giant ants 4 floating eyes a kitten 8 dwarves a hill orc a rothe a centipede 3 orc zombies a dwarf zombie an iguana an acid blob 2 hobbits 2 cave spiders a brown mold a yellow mold a green mold a red mold 36 gnomes a gecko a jackal a fox a kobold 3 goblins a sewer rat 5 grid bugs 4 lichens 7 kobold zombies 4 newts 119 creatures vanquished. Voluntary challenges: You used a wielded weapon 76 times. You read items or engraved 4 times. You put on armor 2 times. You never genocided any monsters. You never polymorphed an object. You never changed form. You used no wishes. You never wrote Elbereth's name. You never encountered a bones level. You never used any Sokoban shortcuts. Dungeon overview: The Dungeons of Doom: levels 1 to 4 Level 1 a long staircase Level 2 a wand shop, a fountain Level 3 stairs to The Gnomish Mines The Gnomish Mines: levels 4 to 8 Level 4 stairs to The Dungeons of Doom Level 6 many shops, a temple, a magic chest, some fountains Level 8 <- You were here History has recorded: On T:1 you entered the Dungeons of Doom to retrieve the Amulet of Yendor! On T:364 you reached level 2 of The Dungeons of Doom. On T:383 you advanced to experience level 2. On T:658 you advanced to experience level 3. On T:694 you reached level 3 of The Dungeons of Doom. On T:856 you advanced to experience level 4. On T:1082 you advanced to experience level 5. On T:1103 you reached level 4 of The Dungeons of Doom. On T:1477 you reached level 1 of The Gnomish Mines. On T:1617 you advanced to experience level 6. On T:2000 you advanced to experience level 7. On T:2344 you reached level 2 of The Gnomish Mines. On T:3011 you reached level 3 of The Gnomish Mines. On T:3246 you advanced to experience level 8. On T:3574 you reached level 4 of The Gnomish Mines. On T:3577 you reached level 5 of The Gnomish Mines. Latest messages: You see here a rotten orc zombie corpse. The dagger hits the orc zombie. The dagger hits the orc zombie. The dagger hits the orc zombie. [HP+1=25] The dagger hits the orc zombie. The orc zombie hits! [HP-5=20] You destroy the orc zombie! B - 3 daggers (in quiver). You see here a rotten orc zombie corpse. B - 2 daggers (in quiver). [HP+1=21] The white unicorn butts! The white unicorn kicks! The white unicorn butts! You die... Final status: Goodbye Megumin the Wizard... You died in The Gnomish Mines on dungeon level 8 with 4943 points, and 274 pieces of gold, after 3806 moves. You were level 8 with a maximum of 48 hit points when you died.